 Dungeon Crawl Stone Soup version 0.30.0-29-ga12c61a403 (webtiles) character file.

Game seed: 1010781464175271991

2647 qw the Cleaver (level 9, -1/57 HPs)
             Began as a Gargoyle Fighter on June 3, 2023.
             Slain by a red ugly thing (14 damage)
             ... on level 8 of the Dungeon.
             The game lasted 00:03:44 (5673 turns).

qw the Cleaver (Gargoyle Fighter)                   Turns: 5673, Time: 00:03:44

Health: -1/57      AC: 23    Str: 30    XL:     9   Next: 62%
Magic:  8/8        EV: 13    Int:  7    God:
Gold:   350        SH:  4    Dex:  9    Spells: 8/8 levels left

rFire   . . .        t - +0 war axe (vamp)
rCold   . . .        c - +0 buckler
rNeg    + . .        j - +0 plate armour
rPois   inf          h - +1 helmet
rElec   +            (no cloak)
rCorr   .            m - +1 pair of gloves
SInv    .            (no boots)
Will    .....        (no amulet) Stlth
                     k - +5 ring of evasion
HPRegen 0.29/turn    r - +6 ring of strength
MPRegen 0.11/turn

%: no passive effects
@: no status effects
A: sickness immunity, AC +6, negative energy resistance 1, electricity
resistance, torment resistance 1, petrification resistance, dopey 1, low MP 1,
mutation resistance 1
a: no special abilities


You were on level 8 of the Dungeon.
You visited 2 branches of the dungeon, and saw 9 of its levels.

You collected 350 gold pieces.


Innate Abilities, Weirdness & Mutations

You are immune to sickness and miasma.
Your stone body is resilient. (AC +6)
You are immune to poison.
You resist negative energy. (rN+)
You are resistant to electric shocks. (rElec)
You are resistant to unholy torment.
You are immune to petrification.
You are dopey. (Int -2)
Your magical capacity is low. (-10% MP)
You are somewhat resistant to further mutation.


   Skills:
 - Level 7.0 Fighting
 + Level 9.0 Axes
 - Level 2.3 Throwing
 - Level 6.1 Armour
 - Level 1.5 Dodging
 - Level 4.1 Shields


You had 8 spell levels left.
You didn't know any spells.
Your spell library was empty.

Inventory:

Hand Weapons
 t - a +0 vampiric war axe (weapon)
 x - a +2 morningstar
Missiles
 o - 10 boomerangs (quivered)
Armour
 c - a +0 buckler (worn)
 h - a +1 helmet (worn)
 j - a +0 plate armour (worn)
 m - a +1 pair of gloves (worn)
 q - a +2 scale mail of fire resistance
Jewellery
 k - a +5 ring of evasion (left hand)
 r - a +6 ring of strength (right hand)
 y - a ring of see invisible
Scrolls
 a - 4 scrolls of teleportation
 f - a scroll of identify
 g - a scroll of brand weapon
Potions
 b - a potion of cancellation
 d - 2 potions of might
 e - 2 potions of haste
 i - a potion of lignification {unknown}
 l - 2 potions of mutation
 n - 2 potions of curing
 p - a potion of berserk rage {unknown}
 s - a potion of heal wounds
 v - a potion of brilliance {unknown}
 w - a potion of resistance {unknown}
 z - a potion of magic {unknown}

Dungeon Overview and Level Annotations

Branches:
Dungeon (8/15)             Temple (1/1) D:6
   Lair: D:8-11

Altars:
Ashenzari
Cheibriados
Fedhas
Gozag
Hepliaklqana
Kikubaaqudgha
Makhleb
Nemelex Xobeh
Qazlal
Ru
Sif Muna
Uskayaw
Vehumet
Wu Jian
Xom
Yredelemnul
Zin
The Shining One

Annotations:
D:8 Maurice


Message History

The javelin closely misses the red ugly thing.
You throw a boomerang. The boomerang hits the red ugly thing.
The red ugly thing is lightly wounded.
You hit the red ugly thing but do no damage.
The red ugly thing is lightly wounded.
The red ugly thing tentacle-slaps you but does no damage.
You slash the red ugly thing!
The red ugly thing is lightly wounded.
Maurice the Thief comes into view.
He is wielding a +0 dagger and carrying a wand of quicksilver (10).
The red ugly thing tentacle-slaps you but does no damage.
You closely miss the red ugly thing.
The red ugly thing is lightly wounded.
Maurice shouts!
The red ugly thing barely misses you.
You closely miss the red ugly thing.
The red ugly thing is lightly wounded.
Maurice casts a spell.
Maurice flickers and vanishes!
Deactivating autopickup; reactivate with Ctrl-A.
The red ugly thing tentacle-slaps you.
You are engulfed in flames!!
You hit the red ugly thing.
You feel better.
The red ugly thing is lightly wounded.
The red ugly thing tentacle-slaps you.
You are engulfed in flames!
You hit the red ugly thing.
You feel better.
The red ugly thing is moderately wounded.
The red ugly thing tentacle-slaps you but does no damage.
You hit the red ugly thing.
The red ugly thing is moderately wounded.
The red ugly thing closely misses you.
You hit the red ugly thing.
The red ugly thing is moderately wounded.
The red ugly thing tentacle-slaps you but does no damage.
You slash the red ugly thing!
You feel better.
The red ugly thing is heavily wounded.
The red ugly thing tentacle-slaps you but does no damage.
You hit the red ugly thing.
You feel better.
The red ugly thing is heavily wounded.
You miss something. The red ugly thing tentacle-slaps you!
You are engulfed in flames!
You die...

.. ...(# #.#####
....# ##...... ....
... ...........
.... #......#..
...##........ #
#.........u#
#.#+#.........@#
#.........###.#
#....##.......#
#.....<.......#
#..................
#..[............###
......#...####..#
......#...# #....
..##......# #.....


You could see a red ugly thing.

Vanquished Creatures
  Prince Ribbit (D:5)
  2 ice beasts
  2 black bears (D:6)
  2 ogres
  3 phantoms
  2 gnoll sergeants
  2 bullfrogs
  2 scorpions (D:6)
  5 wights (D:7)
  6 killer bees (D:7)
  A howler monkey (D:6)
  6 hounds
  An orc priest (D:3)
  2 iguanas
  4 orc wizards
  Robin (D:4)
  19 gnolls
  6 adders
  3 ufetubi
  3 worms
  5 dart slugs
  20 orcs
  6 endoplasms
  3 giant cockroaches
  25 goblins
  7 hobgoblins
  4 jackals (D:3)
  8 kobolds
  2 quokkas
  11 ball pythons
  3 bats
  4 frilled lizards
  5 rats (D:1)
176 creatures vanquished.

Notes
Turn   | Place    | Note
-------+----------+-------------------------------------------
     0 | D:1      | qw the Gargoyle Fighter began the quest for the Orb.
     0 | D:1      | Reached XP level 1. HP: 14/14 MP: 1/1
     0 | D:1      | 0 ||| qw: Version: 0.2-a-103-g5a998e5
     0 | D:1      | 0 ||| qw: Game counter: 994
     0 | D:1      | 0 ||| qw: Always use a shield: true
     0 | D:1      | 0 ||| qw: God list: Okawaru
     0 | D:1      | 0 ||| qw: Allow faded altars: false
     0 | D:1      | 0 ||| qw: Do Orc after D:15 true
     0 | D:1      | 0 ||| qw: Do second Lair branch before Depths: true
     0 | D:1      | 0 ||| qw: Lair rune preference: random
     0 | D:1      | 0 ||| qw: Plans: Normal, Zot:1-4, Slime:5, God:TSO, Crypt,
                  | Tomb, Pan, Hells, Abyss, Win
     0 | D:1      | 0 ||| PLANNING D:1-11
    26 | D:1      | Reached skill level 2 in Axes
    41 | D:1      | Reached XP level 2. HP: 19/19 MP: 2/2
    65 | D:1      | 65 ||| Stepping ~*~*~tactically~*~*~ (stealth).
   330 | D:1      | Reached skill level 3 in Axes
   361 | D:1      | Reached XP level 3. HP: 18/23 MP: 3/3
   469 | D:1      | 469 ||| UPGRADING to +1 helmet.
   474 | D:1      | 474 ||| UPGRADING to +0 plate armour.
   484 | D:1      | 484 ||| DROPPING +0 scale mail.
   485 | D:1      | 485 ||| UPGRADING to +5 ring of evasion.
   486 | D:1      | 486 ||| READING 3 scrolls labelled MEASHR LONATA.
   489 | D:1      | 489 ||| READING scroll labelled IFIUMNE MUJA.
   547 | D:2      | 547 ||| STAIRDANCE
   551 | D:2      | 551 ||| STAIRDANCE
   555 | D:2      | 555 ||| STAIRDANCE
   559 | D:2      | 559 ||| STAIRDANCE
   563 | D:2      | 563 ||| STAIRDANCE
   567 | D:2      | 567 ||| STAIRDANCE
   571 | D:2      | 571 ||| STAIRDANCE
   575 | D:2      | 575 ||| STAIRDANCE
   579 | D:2      | 579 ||| STAIRDANCE
   583 | D:2      | 583 ||| STAIRDANCE
   587 | D:2      | 587 ||| STAIRDANCE
   591 | D:2      | 591 ||| STAIRDANCE
   595 | D:2      | 595 ||| STAIRDANCE
   599 | D:2      | 599 ||| STAIRDANCE
   603 | D:2      | 603 ||| STAIRDANCE
   607 | D:2      | 607 ||| STAIRDANCE
   611 | D:2      | 611 ||| STAIRDANCE
   615 | D:2      | 615 ||| STAIRDANCE
   619 | D:2      | 619 ||| STAIRDANCE
   623 | D:2      | 623 ||| STAIRDANCE
   853 | D:2      | 853 ||| Stepping ~*~*~tactically~*~*~ (stealth).
   854 | D:2      | 854 ||| Stepping ~*~*~tactically~*~*~ (stealth).
   909 | D:2      | Reached XP level 4. HP: 18/28 MP: 4/4
   956 | D:2      | 956 ||| Stepping ~*~*~tactically~*~*~ (hiding).
  1118 | D:2      | 1118 ||| Stepping ~*~*~tactically~*~*~ (stealth).
  1395 | D:2      | 1395 ||| UPGRADING to +0 pair of gloves.
  1400 | D:2      | 1400 ||| READING scroll labelled NARIUPN PIDA.
  1401 | D:2      | 1401 ||| READING 2 scrolls labelled PEFURE MICE.
  1427 | D:3      | Reached skill level 4 in Axes
  1446 | D:3      | 1446 ||| Stepping ~*~*~tactically~*~*~ (stealth).
  1447 | D:3      | 1447 ||| Stepping ~*~*~tactically~*~*~ (stealth).
  1448 | D:3      | 1448 ||| Stepping ~*~*~tactically~*~*~ (stealth).
  1457 | D:3      | Found a faded altar of an unknown god.
  1564 | D:3      | Identified the +3 leather armour of Indemnity {rElec
                  | Will+++ Str+4 Stlth-}
  1567 | D:3      | Reached XP level 5. HP: 19/32 MP: 5/5
  1567 | D:3      | 1567 ||| FLEEEEING.
  1583 | D:3      | 1583 ||| FLEEEEING.
  1584 | D:3      | 1584 ||| FLEEEEING.
  1585 | D:3      | 1585 ||| FLEEEEING.
  1586 | D:3      | 1586 ||| FLEEEEING.
  1587 | D:3      | 1587 ||| FLEEEEING.
  1588 | D:3      | 1588 ||| FLEEEEING.
  1591 | D:3      | 1591 ||| FLEEEEING.
  1592 | D:3      | 1592 ||| FLEEEEING.
  1593 | D:3      | 1593 ||| FLEEEEING.
  1594 | D:3      | 1594 ||| STAIRDANCE
  1618 | D:2      | 1618 ||| READING 2 scrolls labelled WIZIER PAUSCH.
  1619 | D:2      | 1619 ||| READING scroll labelled AFEOHO UJENOU.
  1620 | D:2      | 1620 ||| READING 2 scrolls of identify.
  1620 | D:2      | 1620 ||| IDENTIFYING amethyst potion
  1621 | D:2      | 1621 ||| DROPPING scroll of butterflies.
  1698 | D:3      | 1698 ||| DROPPING +0 whip.
  1735 | D:3      | Reached skill level 5 in Axes
  1759 | D:3      | 1759 ||| Stepping ~*~*~tactically~*~*~ (stealth).
  1947 | D:3      | 1947 ||| READING 2 scrolls of identify.
  1947 | D:3      | 1947 ||| IDENTIFYING coppery potion
  1990 | D:4      | 1990 ||| FLEEEEING.
  1991 | D:4      | 1991 ||| FLEEEEING.
  1992 | D:4      | 1992 ||| FLEEEEING.
  1993 | D:4      | 1993 ||| FLEEEEING.
  1994 | D:4      | 1994 ||| FLEEEEING.
  2024 | D:4      | 2024 ||| Stepping ~*~*~tactically~*~*~ (hiding).
  2025 | D:4      | 2025 ||| Stepping ~*~*~tactically~*~*~ (hiding).
  2028 | D:4      | 2028 ||| Stepping ~*~*~tactically~*~*~ (hiding).
  2029 | D:4      | 2029 ||| Stepping ~*~*~tactically~*~*~ (hiding).
  2206 | D:4      | Noticed a phantom
  2207 | D:4      | 2207 ||| Stepping ~*~*~tactically~*~*~ (stealth).
  2229 | D:4      | Killed a phantom
  2230 | D:4      | Reached XP level 6. HP: 35/39 MP: 6/6
  2347 | D:4      | 2347 ||| DROPPING +0 flail.
  2605 | D:4      | 2605 ||| Stepping ~*~*~tactically~*~*~ (hiding).
  2606 | D:4      | 2606 ||| Stepping ~*~*~tactically~*~*~ (hiding).
  2607 | D:4      | 2607 ||| Stepping ~*~*~tactically~*~*~ (hiding).
  2618 | D:4      | 2618 ||| Stepping ~*~*~tactically~*~*~ (stealth).
  2633 | D:4      | Noticed Robin
  2636 | D:4      | Killed Robin
  2689 | D:4      | Found a radiant altar of Vehumet.
  2756 | D:4      | 2756 ||| READING scroll labelled FICSOE WIRYIL.
  2757 | D:4      | 2757 ||| READING scroll labelled PATOJE SOIVVOI.
  2758 | D:4      | 2758 ||| READING scroll labelled HEANOA XADUBIU.
  2759 | D:4      | 2759 ||| DRINKING 2 bubbling puce potions.
  2759 | D:4      | Gained mutation: Your magical capacity is low. (-10% MP)
                  | [potion of mutation]
  2759 | D:4      | Gained mutation: You are somewhat resistant to further
                  | mutation. [potion of mutation]
  2759 | D:4      | Gained mutation: You are dopey. (Int -2) [potion of
                  | mutation]
  2760 | D:4      | 2760 ||| DRINKING 2 fizzy silvery potions.
  2761 | D:4      | 2761 ||| DROPPING potion of degeneration.
  2780 | D:5      | Entered Level 5 of the Dungeon
  2827 | D:5      | Found a hazy altar of Hepliaklqana.
  2828 | D:5      | Found a sacrificial altar of Ru.
  2836 | D:5      | 2836 ||| Stepping ~*~*~tactically~*~*~ (hiding).
  2849 | D:5      | Reached skill level 6 in Axes
  2849 | D:5      | Reached XP level 7. HP: 44/44 MP: 6/6
  2872 | D:5      | Found a snail-covered altar of Cheibriados.
  2874 | D:5      | 2874 ||| Stepping ~*~*~tactically~*~*~ (stealth).
  2875 | D:5      | 2875 ||| Stepping ~*~*~tactically~*~*~ (stealth).
  2919 | D:5      | Noticed Prince Ribbit
  2936 | D:5      | HP: 5/44 [Prince Ribbit (9)]
  2937 | D:5      | 2937 ||| READING 7 scrolls of teleportation.
  2939 | D:5      | HP: 1/44 [Prince Ribbit (7)]
  2943 | D:5      | 2943 ||| READING 6 scrolls of teleportation.
  3171 | D:5      | 3171 ||| Stepping ~*~*~tactically~*~*~ (stealth).
  3203 | D:5      | HP: 10/44 [Prince Ribbit (6)]
  3204 | D:5      | 3204 ||| READING 5 scrolls of teleportation.
  3422 | D:5      | 3422 ||| Stepping ~*~*~tactically~*~*~ (hiding).
  3490 | D:5      | Killed Prince Ribbit
  3491 | D:5      | Reached skill level 7 in Axes
  3721 | D:5      | HP: 11/44 [iguana (8)]
  3722 | D:5      | 3722 ||| READING 4 scrolls of teleportation.
  4063 | D:5      | Reached XP level 8. HP: 49/49 MP: 7/7
  4068 | D:5      | Reached skill level 1 in Dodging
  4110 | D:5      | You fall into a shaft and drop 2 floors!
  4111 | D:7      | 4111 ||| READING scroll labelled ANUEGY HOOLYDI.
  4166 | D:6      | 4166 ||| STAIRDANCE
  4217 | D:6      | 4217 ||| STAIRDANCE
  4265 | D:6      | 4265 ||| Stepping ~*~*~tactically~*~*~ (stealth).
  4271 | D:6      | 4271 ||| Stepping ~*~*~tactically~*~*~ (stealth).
  4284 | D:6      | 4284 ||| READING scroll of enchant armour.
  4284 | D:6      | 4284 ||| ENCHANTING +0 pair of gloves.
  4295 | D:6      | 4295 ||| Stepping ~*~*~tactically~*~*~ (stealth).
  4302 | D:6      | Reached skill level 1 in Throwing
  4420 | D:6      | 4420 ||| Stepping ~*~*~tactically~*~*~ (stealth).
  4441 | D:6      | Reached skill level 8 in Axes
  4472 | D:6      | 4472 ||| Stepping ~*~*~tactically~*~*~ (stealth).
  4478 | D:6      | 4478 ||| Stepping ~*~*~tactically~*~*~ (hiding).
  4517 | D:6      | Reached skill level 6 in Fighting
  4517 | D:6      | Reached XP level 9. HP: 43/56 MP: 8/8
  4568 | D:6      | 4568 ||| DROPPING +4 flail.
  4628 | D:6      | Found a staircase to the Ecumenical Temple.
  4629 | D:6      | 4629 ||| PLANNING TEMPLE
  4629 | D:6      | 4629 ||| READING scroll labelled PARPHA QOHARA.
  4630 | D:6      | 4630 ||| DRINKING 3 red potions.
  4631 | D:6      | 4631 ||| READING 2 scrolls of identify.
  4631 | D:6      | 4631 ||| IDENTIFYING metallic cyan potion
  4632 | D:6      | 4632 ||| DROPPING potion of flight.
  4653 | Temple   | Entered the Ecumenical Temple
  4774 | Temple   | 4774 ||| PLANNING D:1-11
  4827 | D:6      | Found an ornate altar of the Wu Jian Council.
  4932 | D:6      | Found a glowing golden altar of the Shining One.
  5057 | D:6      | 5057 ||| UPGRADING to +6 ring of strength.
  5058 | D:6      | 5058 ||| READING scroll labelled COLUDO TEYFF.
  5176 | D:7      | Reached skill level 9 in Axes
  5468 | D:7      | 5468 ||| Stepping ~*~*~tactically~*~*~ (hiding).
  5481 | D:7      | Reached skill level 6 in Armour
  5526 | D:7      | 5526 ||| DROPPING +2 flail of protection.
  5578 | D:7      | Found a shimmering blue altar of Sif Muna.
  5631 | D:7      | 5631 ||| DRINKING 2 lumpy amethyst potions.
  5652 | D:8      | Noticed a red ugly thing
  5653 | D:8      | 5653 ||| Stepping ~*~*~tactically~*~*~ (stealth).
  5665 | D:8      | Noticed Maurice
  5673 | D:8      | HP: 13/57 [red ugly thing (11)]
  5673 | D:8      | Slain by a red ugly thing

Levels and vault maps discovered:
D:1:      elethiomel_arrival_shortcut, layout_rooms, serial_park_tiny_2
D:2:      layout_loops_ring, hangedman_decor_clover_reticule
D:3:      layout_rooms, basic_ecumenical_altar
D:4:      layout_gridville, mainiacjoe_overflow_alcove_2, uniq_robin
D:5:      layout_basic, mainiacjoe_overflow_divided_tiny, old_standard_altar,
          kennysheep_small_circle, uniq_prince_ribbit1
D:6:      layout_cave_pools, mainiacjoe_overflow_24_doors,
          kennysheep_little_box, temple_doors_e, grunt_ministairs_3
D:7:      layout_basic, led_sif_pool, enter_bailey_5, eino_tiny_chamber
D:8:      layout_basic, mainiacjoe_overflow_paths, uniq_maurice
Temple:   jpeg_temple_clearing

Skill      XL: |  1  2  3  4  5  6  7  8  9 |
---------------+----------------------------+-----
Axes           | 2 3 4 5 6 7 8 9 |  9.0
Fighting       | 4 5 6 7 |  7.0
Armour         | 4 5 6 |  6.1
Dodging        | 1 |  1.5
Throwing       | 2 |  2.3
Shields        | 4 |  4.1

Action                     |  1- 3 |  4- 6 |  7- 9 || total
---------------------------+-------+-------+-------++-------
  Melee: War axe           |    91 |   187 |   317 ||   595
  Throw: Boomerang         |       |    23 |    21 ||    44
         Javelin           |       |       |    10 ||    10
    Use: Scroll            |     2 |     9 |     9 ||    20
         Potion            |       |     2 |     2 ||     4
 Armour: Scale mail        |    19 |       |       ||    19
         Plate armour      |    15 |   125 |   267 ||   407
  Dodge: Dodged            |    37 |   127 |   252 ||   416
  Block: Buckler           |    13 |    42 |    71 ||   126

Table legend:
 A = Non-vault XP
 B = Vault XP
 C = Vault XP percentage of total XP
 D = Non-vault monster count
 E = Vault monster count
 F = Vault count percentage of total count
                 A         B        C        D         E       F
            +---------+---------+-------+---------+---------+-------
      Total |    3210 |     572 |  15.1 |     151 |      25 |  14.2
            +---------+---------+-------+---------+---------+-------
        D:1 |      41 |       0 |   0.0 |      24 |       0 |   0.0
        D:2 |      57 |       0 |   0.0 |      23 |       0 |   0.0
        D:3 |     141 |       0 |   0.0 |      22 |       0 |   0.0
        D:4 |     186 |      39 |  17.3 |      17 |      13 |  43.3
        D:5 |     430 |     448 |  51.0 |      15 |       4 |  21.1
        D:6 |    1165 |      78 |   6.3 |      28 |       4 |  12.5
        D:7 |    1190 |       7 |   0.6 |      22 |       4 |  15.4
            +---------+---------+-------+---------+---------+-------
